 Dungeon Crawl Stone Soup version 0.31.0 (webtiles) character file.

Game seed: 9483237079765655268

116 qw the Shooter (level 5, 0/32 HPs)
             Began as a Gargoyle Hunter on Jan 19, 2024.
             Incinerated by a bombardier beetle (6 damage)
             ... with a burning spray
             ... on level 3 of the Dungeon.
             The game lasted 00:00:07 (1854 turns).

qw the Shooter (Gargoyle Hunter)                    Turns: 1854, Time: 00:00:08

Health: 0/32       AC: 12    Str: 15    XL:     5   Next: 0%
Magic:  5/5        EV: 11    Int: 12    God:
Gold:   102        SH:  0    Dex: 15    Spells: 4/4 levels left

rFire   . . .        a - +0 shortbow
rCold   . . .        (shield currently unavailable)
rNeg    + . .        e - +0 ring mail
rPois   inf          j - +1 helmet {Int+3}
rElec   +            d - +0 cloak
rCorr   .            (no gloves)
SInv    .            (no boots)
Will    .....        (no amulet)
Stlth   +            (no ring)
HPRegen 0.25/turn    (no ring)
MPRegen 0.09/turn

%: no passive effects
@: on fire, glowing
A: sickness immunity, AC +4, negative energy resistance 1, electricity
resistance, torment resistance 1, petrification resistance
a: no special abilities


You were on level 3 of the Dungeon.
You visited 1 branch of the dungeon, and saw 3 of its levels.

You collected 102 gold pieces.


Innate Abilities, Weirdness & Mutations

You are immune to sickness and miasma.
Your stone body is resilient. (AC +4)
You are immune to poison.
You resist negative energy. (rN+)
You are resistant to electric shocks. (rElec)
You are resistant to unholy torment.
You are immune to petrification.


   Skills:
 - Level 3.0 Fighting
 + Level 5.6 Ranged Weapons
 - Level 1.1 Armour
 - Level 1.5 Dodging
 - Level 1.1 Stealth


You had 4 spell levels left.
You didn't know any spells.
Your spell library was empty.

Inventory:

Hand Weapons
 a - a +0 shortbow (weapon)
Armour
 d - a +0 cloak (worn)
 e - a +0 ring mail (worn)
 j - a +1 helmet of intelligence (worn)
Potions
 b - a potion of curing
 c - a potion of attraction {unknown}
 f - a potion of degeneration {unknown}
 g - a potion of resistance
 h - a potion of ambrosia {unknown}
 i - a potion of might {unknown}
 k - a potion of enlightenment {unknown}
 m - a potion of mutation {unknown}
 n - 2 potions of haste

Dungeon Overview and Level Annotations

Branches:
Dungeon (3/15)

Altars:


Message History

The bombardier beetle is lightly wounded.
You shoot an arrow.
The arrow barely misses the bombardier beetle.
The bombardier beetle barely misses you.
You shoot an arrow.
The arrow hits the bombardier beetle but does no damage.
The bombardier beetle is lightly wounded.
The bombardier beetle sprays incendiary fluid at you.
The burning spray hits you.
You are covered in liquid fire!
You shoot an arrow.
The arrow hits the bombardier beetle but does no damage.
The bombardier beetle is lightly wounded.
The liquid fire burns you!
The bombardier beetle closely misses you.
You shoot an arrow. The arrow hits the bombardier beetle.
The bombardier beetle is moderately wounded.
The liquid fire burns you!
The bombardier beetle closely misses you.
You shoot an arrow.
The arrow hits the bombardier beetle but does no damage.
The bombardier beetle is moderately wounded.
The liquid fire burns you!
You shoot an arrow.
The arrow closely misses the bombardier beetle.
The liquid fire burns you!
The bombardier beetle closely misses you.
You shoot an arrow. The arrow hits the bombardier beetle.
The bombardier beetle is heavily wounded.
The liquid fire burns you!
The bombardier beetle sprays incendiary fluid at you.
The burning spray hits you.
You are even more covered in liquid fire!
You shoot an arrow. The arrow hits the bombardier beetle.
The bombardier beetle is almost dead.
The liquid fire burns you!
You shoot an arrow.
The arrow barely misses the bombardier beetle.
The liquid fire burns you!
You die...

####### #.....# #.....#
#.....## #.....##.#
#.#######....# ..###
#..B@.#....###### ...
.....###.#.##......#####
### #.#.##..#####....
#...#...#####.###
########....#%... ....
##...%....# #.###.
#...#.#..## ##
###..%###### #...#


You could see a bombardier beetle.

Vanquished Creatures
  6 adders
  A dart slug (D:2)
  A ribbon worm (D:2)
  5 endoplasms
  2 giant cockroaches
  3 hobgoblins
  4 jackals (D:3)
  2 quokkas (D:1)
  3 ball pythons (D:1)
  6 bats
  2 frilled lizards
  7 goblins
  7 kobolds
  7 rats
56 creatures vanquished.

Notes
Turn   | Place    | Note
-------+----------+-------------------------------------------
     0 | D:1      | qw the Gargoyle Hunter began the quest for the Orb.
     0 | D:1      | Reached XP level 1. HP: 12/12 MP: 1/1
     0 | D:1      | 0 ||| qw: Version: 0.3-a-132-g3d54051
     0 | D:1      | 0 ||| qw: Game counter: 22
     0 | D:1      | 0 ||| qw: Melee chars always use a shield: true
     0 | D:1      | 0 ||| qw: God list: Okawaru
     0 | D:1      | 0 ||| qw: Allow faded altars: false
     0 | D:1      | 0 ||| qw: Do Orc after clearing Dungeon:15 true
     0 | D:1      | 0 ||| qw: Do second Lair branch before Depths: true
     0 | D:1      | 0 ||| qw: Lair rune preference: random
     0 | D:1      | 0 ||| qw: Goals: Normal
     0 | D:1      | 0 ||| PLANNING D:1-11
   166 | D:1      | Reached XP level 2. HP: 17/17 MP: 2/2
   563 | D:1      | Reached XP level 3. HP: 21/21 MP: 3/3
   624 | D:1      | Reached skill level 5 in Ranged Weapons
   645 | D:1      | Found a faded altar of an unknown god.
   846 | D:1      | 846 ||| UPGRADING to +0 cloak.
   851 | D:1      | 851 ||| UPGRADING to +0 ring mail.
   861 | D:1      | 861 ||| DROPPING +0 leather armour.
   862 | D:1      | 862 ||| UPGRADING to +1 helmet of intelligence.
   867 | D:1      | 867 ||| DRINKING 2 blue potions.
   868 | D:1      | 868 ||| DROPPING scroll of butterflies.
   928 | D:2      | Reached skill level 1 in Armour
   939 | D:2      | 939 ||| FLEEEEING.
   946 | D:2      | 946 ||| STAIRDANCE
  1002 | D:2      | Reached skill level 3 in Fighting
  1002 | D:2      | Reached XP level 4. HP: 28/28 MP: 4/4
  1436 | D:2      | 1436 ||| READING scroll labelled HERAYPR PUIJO.
  1437 | D:2      | 1437 ||| READING scroll labelled OQAYKO OCEUNE.
  1538 | D:2      | 1538 ||| READING scroll labelled HIR VOSICZORHUIST.
  1543 | D:2      | 1543 ||| FLEEEEING.
  1547 | D:2      | 1547 ||| STAIRDANCE
  1763 | D:3      | 1763 ||| READING scroll labelled RISSUE GAUCIG.
  1763 | D:3      | 1763 ||| IDENTIFYING bubbling blue potion
  1764 | D:3      | 1764 ||| DRINKING 3 orange potions.
  1771 | D:3      | 1771 ||| FLEEEEING.
  1843 | D:3      | Reached XP level 5. HP: 32/32 MP: 5/5
  1853 | D:3      | HP: 6/32 [burnt (6)]
  1854 | D:3      | Incinerated by a bombardier beetle

Levels and vault maps discovered:
D:1:      dpeg_arrival_rhombus, layout_loops_ring,
          shapermc_ecumenical_altar_rom_forum, nicolae_figureground_pulse
D:2:      layout_basic, chequers_serial_rivers_micro_e
D:3:      layout_loops_cross, vehumet_altar_wand_db, serial_co_window_serial,
          co_window_paths_a, co_window_paths_a, co_window_of_opportunity_a,
          co_window_of_opportunity_a, co_window_corner_a, co_window_paths_a,
          co_window_broadway_c, co_window_broadway_b, co_window_broadway_c,
          co_window_broadway_c, co_window_4corner_b, glass_columns_a,
          due_unseen_surprise, uniq_sigmund

Skill      XL: |  1  2  3 |
---------------+----------+-----
Ranged Weapons | 5 |  5.6
Armour         | 1 |  1.1
Fighting       | 3 |  3.0
Dodging        | |  1.5
Stealth        | |  1.1

Action                     |  1- 3 |  4- 6 || total
---------------------------+-------+-------++-------
   Fire: Shortbow          |    93 |    84 ||   177
    Use: Potion            |     1 |     1 ||     2
         Scroll            |       |     4 ||     4
 Armour: Leather armour    |    25 |       ||    25
         Ring mail         |    22 |    24 ||    46
  Dodge: Dodged            |    41 |    18 ||    59

Table legend:
 A = Non-vault XP
 B = Vault XP
 C = Vault XP percentage of total XP
 D = Non-vault monster count
 E = Vault monster count
 F = Vault count percentage of total count
                 A         B        C        D         E       F
            +---------+---------+-------+---------+---------+-------
      Total |     166 |       0 |   0.0 |      56 |       0 |   0.0
            +---------+---------+-------+---------+---------+-------
        D:1 |      42 |       0 |   0.0 |      26 |       0 |   0.0
        D:2 |      98 |       0 |   0.0 |      22 |       0 |   0.0
        D:3 |      26 |       0 |   0.0 |       8 |       0 |   0.0
            +---------+---------+-------+---------+---------+-------
